 Dungeon Sprint DCSS version 0.29-a0-1006-g0dd7720b37 (webtiles) character file.

Game seed: 1709039040045593832

574 Heh the Fighter (level 7, -2/62 (64) HPs)
             Began as an Octopode Fighter on Aug 7, 2022.
             Was an Initiate of Gozag.
             Slain by a manticore (13 damage)
             ... in the Dungeon (Sprint VII: "The Pits").
             The game lasted 00:03:14 (438 turns).

Heh the Fighter (Octopode Fighter)                   Turns: 438, Time: 00:03:15

HP:   -2/62 (64)    AC:  1    Str: 15    XL:     7   Next: 34%
MP:   7/7           EV: 16    Int: 11    God:    Gozag
Gold: 1134          SH:  4    Dex: 13    Spells: 6/6 levels left

rFire   . . .      SeeInvis .   o - +2 flail (protect)
rCold   . . .      Faith    .   b - +0 buckler
rNeg    . . .      Spirit   .   (helmet restricted)
rPois   .          Reflect  .   (no amulet)
rElec   .          Harm     .   (no ring)
rCorr   .          Rampage  .   (no ring)
Will    .....      NoTele   +   (no ring)
Stlth   ++........              (no ring)
HPRegen 0.20/turn               (no ring)
MPRegen 0.10/turn               (no ring)
                                (no ring)
                                (no ring)

@: lightly drained
A: almost no armour, amphibious, 8 rings, camouflage 1, gelatinous body 1,
(nimble swimmer 1), tentacles
a: Renounce Religion, Potion Petition, Call Merchant, Bribe Branch


You were in the Dungeon.
You worshipped Gozag.
Gozag was most pleased with you.
You visited 1 branch You collected 1134 gold pieces.

Inventory:

Hand Weapons
 a - a +0 long sword
 e - a +2 long sword of flaming
 j - a +2 falchion
 k - a +2 trident of freezing
 o - a +2 flail of protection (weapon)
Armour
 b - a +0 buckler (worn)
Scrolls
 i - a scroll of blinking
 m - 5 scrolls of amnesia
 n - a scroll of summoning
Potions
 c - a potion of might
 d - 6 potions of curing
 f - a potion of haste
 g - 4 potions of magic
 h - 2 potions of berserk rage
 l - 2 potions of invisibility
 p - 3 potions of heal wounds


   Skills:
 + Level 13.3 Fighting
 - Level 2.0 Long Blades
 + Level 3.0 Maces & Flails
 * Level 8.1 Dodging
 - Level 3.0 Shields


You had 6 spell levels left.
You didn't know any spells.
Your spell library was empty.

Dungeon Overview and Level Annotations

Branches:
Dungeon (1/1)

Altars:
Ashenzari
Cheibriados
Dithmenos
Elyvilon
Fedhas
Gozag
Hepliaklqana
Kikubaaqudgha
Makhleb
Nemelex Xobeh
Okawaru
Qazlal
Ru
Sif Muna
Trog
Uskayaw
Vehumet
Wu Jian
Xom
Yredelemnul
Zin
The Shining One
Jiyva
Lugonu

Annotations:
D Crazy Yiuf


Innate Abilities, Weirdness & Mutations

You cannot wear most types of armour.
You are amphibious.
You can wear up to eight rings at the same time.
Your skin changes colour to match your surroundings (Stealth+).
Your rubbery body absorbs attacks. (AC +1, EV +1)
((You are camouflaged when in or above water. (Stealth+)))
You have tentacles for arms and can constrict up to eight enemies at once.


Message History

You feel much better. The adder bites you.
Crazy Yiuf hits you with a +2 quarterstaff of chaos.
You feel drained.
The manticore bites you but does no damage.
The manticore claws you. The manticore barely misses you.
The adder bites you but does no damage. Crazy Yiuf barely misses you.
There is an open door here.
There is an open door here.
You closely miss the adder. Your grab misses the adder.
Your squeeze misses the adder. The adder closely misses you.
You block the adder's attack.
You hit the adder.
Your weapon exudes an aura of protection.
Your grab misses the adder.
The adder is severely wounded.
The adder bites you but does no damage. The adder bites you.
You barely miss the adder. Your grab misses the adder.
The adder is severely wounded.
You sock the manticore! You squeeze the manticore.
The manticore is lightly wounded.
The manticore barely misses you. The manticore claws you!
The manticore claws you.
You feel much better. The manticore closely misses you.
The manticore claws you but does no damage.
The manticore claws you.
You barely miss the manticore. Your squeeze misses the manticore.
The manticore is lightly wounded.
The manticore closely misses you. The manticore completely misses you.
The manticore claws you.
You completely miss the manticore. You squeeze the manticore.
The manticore is lightly wounded.
The manticore bites you. The manticore claws you!
The manticore claws you but does no damage.
You barely miss the manticore.
The manticore is lightly wounded.
The manticore bites you!
* * * LOW HITPOINT WARNING * * *
You block the manticore's attack. The manticore claws you!
You die...
Your body crumbles into a pile of gold.

#)#........##.......#
#'###########.......#
#.......#..##########
#.......#.######
#...#...#.#....#
#..###..#'#....#
#...#...#S'....+
#.......#H#....#
#.......)@#....#
################


You could see a manticore and an adder.

Vanquished Creatures
  Eustachio (D)
  Duvessa (D)
  A black bear (D)
  An ogre (D)
  A scorpion (D)
  Dowan (D)
  A river rat (D)
  An adder (D)
  A white imp (D)
  An ufetubus (D)
  An orc (D)
  2 ball pythons (D)
  A giant cockroach (D)
  A hobgoblin (D)
  2 quokkas (D)
  2 bats (D)
  A jackal skeleton (D)
  A kobold (D)
  A rat (D)
22 creatures vanquished.

Notes
Turn   | Place    | Note
-------+----------+-------------------------------------------
     0 | D        | Heh the Octopode Fighter began the quest for the Orb.
     0 | D        | Reached XP level 1. HP: 16/16 MP: 1/1
    42 | D        | Found a bloodstained altar of Trog.
    42 | D        | Found a shimmering blue altar of Sif Muna.
    42 | D        | Found a viscous altar of Jiyva.
    42 | D        | Found a hazy altar of Hepliaklqana.
    42 | D        | Found an opulent altar of Gozag.
    43 | D        | Found a glowing golden altar of the Shining One.
    43 | D        | Found a glowing silver altar of Zin.
    43 | D        | Found a basalt altar of Yredelemnul.
    43 | D        | Found a shimmering altar of Xom.
    43 | D        | Found an ornate altar of the Wu Jian Council.
    43 | D        | Found a sacrificial altar of Ru.
    43 | D        | Found a stormy altar of Qazlal.
    43 | D        | Found an iron altar of Okawaru.
    43 | D        | Found a sparkling altar of Nemelex Xobeh.
    43 | D        | Found a burning altar of Makhleb.
    43 | D        | Found a blossoming altar of Fedhas.
    43 | D        | Found a white marble altar of Elyvilon.
    43 | D        | Found a shadowy altar of Dithmenos.
    43 | D        | Found a snail-covered altar of Cheibriados.
    46 | D        | Found a corrupted altar of Lugonu.
    46 | D        | Found a radiant altar of Vehumet.
    47 | D        | Found an ancient bone altar of Kikubaaqudgha.
    47 | D        | Found a hide-covered altar of Uskayaw.
    47 | D        | Found a broken altar of Ashenzari.
    50 | D        | Became a worshipper of Gozag Ym Sagoz the Greedy
    75 | D        | Noticed a black bear
    76 | D        | Noticed an ogre
    82 | D        | Killed a black bear
    83 | D        | Reached skill level 9 in Fighting
    83 | D        | Reached XP level 2. HP: 19/30 MP: 2/2
    83 | D        | Reached XP level 3. HP: 23/35 MP: 3/3
    83 | D        | Reached XP level 4. HP: 27/41 MP: 4/4
    89 | D        | Killed an ogre
    90 | D        | Reached skill level 11 in Fighting
    90 | D        | Reached XP level 5. HP: 41/50 MP: 5/5
   125 | D        | Reached XP level 6. HP: 23/57 MP: 6/6
   131 | D        | Noticed Dowan
   132 | D        | Noticed Duvessa
   141 | D        | Reached skill level 5 in Dodging
   149 | D        | Killed Duvessa
   150 | D        | Reached skill level 12 in Fighting
   153 | D        | Killed Dowan
   380 | D        | Noticed Eustachio
   386 | D        | Killed Eustachio
   387 | D        | Reached skill level 13 in Fighting
   387 | D        | Reached XP level 7. HP: 64/64 MP: 7/7
   423 | D        | Noticed Crazy Yiuf
   423 | D        | Noticed a manticore
   438 | D        | Slain by a manticore

Illustrated notes

Levels and vault maps discovered:
D:        pitsprint [storerooms_1, entrance_room_1, metal_vault_1, armoury_1,
          mini_pit_1, grid_room_1, main_hall_1, silver_pit, the_coven_3,
          the_vestibule_1, steel_vault_1, golden_pit, hallway_of_sentries,
          crystal_vault_4, iron_vault_4, final_vault]

Skill      XL: |  1  2  3  4  5  6  7 |
---------------+----------------------+-----
Fighting       | 9 11 13 | 13.3
Dodging        | 4 8 |  8.1
Maces & Flails | 2 3 |  3.0
Long Blades    | |  2.0
Shields        | |  3.0

Action                   |  1- 3 |  4- 6 |  7- 9 || total
-------------------------+-------+-------+-------++-------
Melee: Trident           |     4 |    36 |       ||    40
       Tentacles         |     3 |     8 |     4 ||    15
       Constrict         |     2 |     8 |     2 ||    12
       Long sword        |     1 |       |       ||     1
       Punch             |       |     2 |       ||     2
       Flail             |       |     8 |    15 ||    23
  Use: Potion            |       |     2 |     2 ||     4
 Stab: Sleeping          |       |     2 |       ||     2
       Distracted        |       |     1 |       ||     1
Armor: Skin              |     2 |     6 |     6 ||    14
Dodge: Dodged            |     6 |    25 |    12 ||    43
Block: Buckler           |     1 |     8 |     2 ||    11

Table legend: (Time is in decaauts)
 A = Elapsed time spent in this place.
 B = Non-inter-level travel time spent in this place.
 C = Inter-level travel time spent in this place.
 D = Time resting spent in this place.
 E = Time spent auto-exploring this place.
 F = Levels seen in this place.
 G = Mean time per level.
                   A        B        C        D        E       F      G
               +--------+--------+--------+--------+--------+-----+--------+
         Total |    460 |    358 |    102 |    141 |      0 |   1 |  460.0 |
       Dungeon |    460 |    358 |    102 |    141 |      0 |   1 |  460.0 |
               +--------+--------+--------+--------+--------+-----+--------+

Top non-repeatable levels by time:
       D: 460 daAuts
